 Dungeon Crawl Stone Soup version 0.17.1-1-g73c8601 (webtiles) character file.

2278 Beholder179 the Twirler (level 9, 72/72 HPs)
             Began as a Formicid Chaos Knight on Dec 22, 2015.
             Was an Initiate of Elyvilon.
             Quit the game on level 7 of the Dungeon on Dec 26, 2015.
             The game lasted 01:07:09 (6252 turns).

Beholder179 the Twirler (Formicid Chaos Knight)     Turns: 6252, Time: 01:07:09

Health: 72/72      AC: 21    Str: 16    XL:     9   Next: 66%
Magic:  10/10      EV:  5    Int: 14    God:    Elyvilon [......]
Gold:   397        SH:  6    Dex: 10    Spells: 2 memorised, 5 levels left

rFire  + . .     SeeInvis +     n - -1 spear (curse)
rCold  . . .     Clarity  .     e - +2 plate armour {rF+}
rNeg   . . .     SustAt   .     a - +0 buckler
rPois  .         Gourm    .     (helmet unavailable)
rElec  .         Spirit   .     f - +0 cloak
rCorr  .         Warding  .     l - +2 pair of gloves
rMut   .         Stasis   +     (no boots)
MR     .....                    (no amulet)
Stlth  ..........               (no ring)
                                g - ring of wizardry

@: not resistant to hostile enchantments, extremely unstealthy
A: permanent stasis, dig shafts and tunnels, four strong arms, antennae 3, large
bone plates 1, weak 1, subdued magic 1
a: Dig, Shaft Self, Renounce Religion


You were on level 7 of the Dungeon.
You worshipped Elyvilon.
Elyvilon was noncommittal.
You were not hungry.

You visited 2 branches of the dungeon, and saw 8 of its levels.
You also visited: Ossuary.

You collected 397 gold pieces.

Inventory:

Hand Weapons
 n - a cursed -1 spear (weapon)
Missiles
 j - a poisoned tomahawk (quivered)
Armour
 a - a +0 buckler (worn)
 e - a +2 plate armour of fire resistance (worn)
 f - a +0 cloak (worn)
 l - a +2 pair of gloves (worn)
Jewellery
 g - a ring of wizardry (left hand)
 k - an uncursed ring of fire
Books
 h - a book of the Dragon

   Spells                             Type                      Level
   a - Flame Tongue                   Conjuration/Fire             1
   b - Cause Fear                     Hexes                        4
   c - Bolt of Fire                   Conjuration/Fire             6
   d - Dragon Form                    Transmutation                7
   e - Dragon's Call                  Summoning                    9
Miscellaneous
 i - a plain deck of summoning {drawn: 3}
Comestibles
 c - 3 bread rations
 d - 3 meat rations
 m - 4 chunks of flesh


   Skills:
 + Level 7.5 Fighting
   Level 4.0(6.3) Maces & Flails
   Level 7.6(8.1) Staves
 + Level 6.2 Armour
 - Level 0.8 Dodging
 + Level 2.1 Shields
 * Level 1.0 Spellcasting
 - Level 3.3 Hexes
 - Level 0.4 Evocations


You had 5 spell levels left.
You knew the following spells:

 Your Spells              Type           Power        Failure   Level  Hunger
a - Cause Fear            Hex            #.........   100%        4    #####..
b - Flame Tongue          Conj/Fire      #....        100%        1    ##.....


Dungeon Overview and Level Annotations

Branches:
Dungeon (7/15)             Temple (1/1) D:7

Altars:
Ashenzari
Cheibriados
Dithmenos
Elyvilon
Fedhas
Gozag
Kikubaaqudgha
Makhleb
Nemelex Xobeh
Qazlal
Sif Muna
Trog
Vehumet
Xom
Yredelemnul
Zin
The Shining One


Innate Abilities, Weirdness & Mutations

You are under a permanent stasis effect.
You can dig through walls and to a lower floor.
Your four strong arms can wield two-handed weapons with a shield.
You have a pair of large antennae on your head (SInv).
You are partially covered in large bone plates (AC +2, SH +2).
You are weak. (Str -2)
Your spells are a little easier to cast, but a little less powerful.


Message History

Read which item? (? for menu, Esc to quit)
You can't memorise that many levels of magic yet!
Okay, then.
Read which item? (? for menu, Esc to quit)
There is a staircase back to the Dungeon here.
You can't go down here!
You climb upwards.
Welcome back to the Dungeon!
There is a staircase to the Ecumenical Temple here.
There is an open door here.
Press: ? - help, v - describe, . - travel, g - get item A glowing spear.
There is something else lying underneath.
The floor.
Things that are here:
a glowing spear; a runed war axe
n - a glowing spear Wield which item (- for none, * to show all)? (? for menu, Esc to quit)
It sticks to your hand!
n - a cursed -1 spear (weapon)
Are you sure you want to abandon this character and quit the game? (Confirm with "yes".)

###...####(....... ..#
#.........(...##.. #.# #.
#.............## #.# #.#
###..............# #.#### #.#
#................# #.##.. #.#
#.###............# ###.##.#
#.####'###./..........# #...##..
#.##.....#............####.#....#
#..#.⌠.⌠.#......@!.........######
#..'..>..'...........#####.......
#.##.⌠.⌠.#..##.......# #.#####.
#)##.....##.########## #.#...#.
..####'###........# #.#.....
..#....####†#####.########.#...#.
..###.....#.# #.#{{..........#.
#......†#...# #.#.######.....#.
#..####.##### #...# #####.##


There were no monsters in sight!

Vanquished Creatures
  A hippogriff (D:7)
  A hungry ghost (D:7)
  A necrophage (D:7)
  A black bear (D:7)
  A sky beast (D:6)
  A centaur (D:7)
  3 ogres
  2 giant frogs
  3 scorpions
  A killer bee (shapeshifter) (D:5)
  4 crimson imps
  A jelly (D:5)
  A human zombie (Ossuary)
  2 centaur skeletons
  2 hounds
  A gnoll shaman (D:5)
  Crazy Yiuf (D:2)
  5 iguanas
  Ijyb (D:2)
  A worker ant (D:6)
  2 orc priests
  2 orc wizards
  Terence (D:2)
  A big kobold zombie (Ossuary)
  A hound skeleton (D:7)
  5 mummies (Ossuary)
  A gnoll (D:3)
  12 adders
  An ooze (D:4)
  2 worms (D:2)
  3 giant geckos
  18 orcs
  2 ball pythons (D:2)
  6 bats
  8 giant cockroaches
  2 gnoll zombies (Ossuary)
  4 goblins
  8 hobgoblins
  2 quokkas
  A giant gecko skeleton (D:6)
  5 giant newts
  A goblin zombie (Ossuary)
  A hobgoblin zombie (Ossuary)
  11 jackals
  A jackal zombie (Ossuary)
  8 kobolds
  An orc zombie (Ossuary)
  9 rats
153 creatures vanquished.

Vanquished Creatures (collateral kills)
  An ice beast (D:6)
  5 gnolls (D:5)
  A goblin zombie (Ossuary)
  2 jackal zombies (Ossuary)
  A rat zombie (Ossuary)
10 creatures vanquished.

Grand Total: 163 creatures vanquished

Notes
Turn   | Place    | Note
--------------------------------------------------------------
     0 | D:1      | Beholder179 the Formicid Chaos Knight began the quest for the Orb.
     0 | D:1      | Reached XP level 1. HP: 18/18 MP: 1/1
   171 | D:1      | Reached XP level 2. HP: 17/24 MP: 2/2
   847 | D:1      | Reached skill level 4 in Fighting
   864 | D:1      | Reached XP level 3. HP: 25/30 MP: 3/3
   922 | D:2      | XOM: harmless Summ miscast
   973 | D:2      | Noticed Ijyb
   973 | D:2      | XOM: potion effect (curing)
   985 | D:2      | XOM: harmless Fire miscast
   989 | D:2      | Killed Ijyb
   989 | D:2      | Reached XP level 4. HP: 24/38 MP: 4/4
  1085 | D:2      | XOM: divination: magic mapping
  1266 | D:2      | Noticed Crazy Yiuf
  1284 | D:2      | Killed Crazy Yiuf
  1530 | D:2      | Reached XP level 5. HP: 43/43 MP: 5/5
  1595 | D:2      | Reached skill level 5 in Fighting
  1616 | D:2      | XOM: mild Fire miscast
  1631 | D:2      | Noticed Terence
  1635 | D:2      | Killed Terence
  2009 | D:2      | XOM: god gift: 47 gold pieces
  2107 | D:3      | Reached skill level 1 in Staves
  2128 | D:3      | XOM is BORED!
  2128 | D:3      | XOM: mild Chrm miscast
  2288 | D:3      | Reached XP level 6. HP: 51/51 MP: 6/6
  2320 | D:3      | XOM: harmless Divn miscast
  2342 | D:3      | XOM: give mutation
  2342 | D:3      | Gained mutation: You are partially covered in large bone plates (AC +2, SH +2). [Xom's grace]
  2650 | D:3      | Found a shadowy altar of Dithmenos.
  2704 | D:3      | Found a radiant altar of Vehumet.
  2938 | D:4      | Found a blossoming altar of Fedhas.
  3025 | D:4      | XOM: vitrification
  3322 | D:4      | Reached XP level 7. HP: 57/57 MP: 7/7
  3328 | D:4      | Found a stormy altar of Qazlal.
  3403 | D:4      | Reached skill level 6 in Fighting
  3414 | D:4      | XOM: vitrification
  3707 | D:5      | Entered Level 5 of the Dungeon
  3735 | D:5      | XOM: confuse monster(s)
  3739 | D:5      | XOM: polymorph worker ant -> killer bee
  3746 | D:5      | XOM: cast spell 'Dragon Form'
  3761 | D:5      | Found a sparkling altar of Nemelex Xobeh.
  4045 | D:5      | XOM: harmless Hex miscast
  4259 | D:5      | XOM: scenery: 1 doors open
  4352 | D:5      | XOM: cast spell 'Confusing Touch'
  4357 | D:5      | Reached XP level 8. HP: 65/65 MP: 8/8
  4357 | D:5      | XOM: noise
  4408 | D:5      | Reached skill level 5 in Staves
  4569 | D:6      | XOM: summons 3 hostile demons
  4582 | D:5      | XOM: enchant monster (bad)
  4680 | D:6      | Reached skill level 5 in Armour
  4721 | D:6      | XOM: give mutations
  4721 | D:6      | Gained mutation: Your spells are a little easier to cast, but a little less powerful. [Xom's mischief]
  4721 | D:6      | Gained mutation: You are weak. (Str -2) [Xom's mischief]
  4742 | D:6      | XOM: harmless Chrm miscast
  4840 | D:6      | XOM: swap monsters
  4876 | D:6      | Found a glowing golden altar of the Shining One.
  4920 | D:6      | XOM: vitrification
  4954 | D:6      | Found a sand-covered staircase.
  4961 | Ossuary  | Entered an ossuary
  4983 | Ossuary  | XOM: fog
  5105 | Ossuary  | Reached XP level 9. HP: 71/71 MP: 9/9
  5138 | Ossuary  | Learned a level 4 spell: Cause Fear
  5383 | D:6      | Found a shimmering altar of Xom.
  5390 | D:6      | Reached skill level 7 in Fighting
  5391 | D:6      | Found a burning altar of Makhleb.
  5495 | D:6      | XOM: summons 9 friendly demons
  5523 | D:6      | XOM: vitrification
  5703 | D:7      | Reached skill level 1 in Hexes
  5742 | D:7      | XOM: confuse monster(s)
  5750 | D:7      | Reached skill level 1 in Shields
  5963 | D:7      | Learned a level 1 spell: Flame Tongue
  6083 | D:7      | Found a staircase to the Ecumenical Temple.
  6134 | D:7      | XOM: divination: detect items
  6140 | D:7      | Reached skill level 1 in Spellcasting
  6158 | Temple   | Entered the Ecumenical Temple
  6225 | Temple   | Fell from the grace of Xom
  6225 | Temple   | Became a worshipper of Elyvilon the Healer
  6252 | D:7      | Quit the game

Action                   |  1- 3 |  4- 6 |  7- 9 || total
-------------------------+-------+-------+-------++-------
Melee: Mace              |    86 |    14 |       ||   100
       Quarterstaff      |       |   132 |   260 ||   392
       Unarmed           |       |       |     6 ||     6
Throw: Tomahawk          |       |       |    12 ||    12
       Throwing net      |       |       |     2 ||     2
Evoke: Deck              |       |       |     3 ||     3
 Stab: Held in net/web   |       |       |     1 ||     1
       Paralysed         |       |       |     2 ||     2
       Confused          |       |       |     1 ||     1
  Eat: Beef jerky        |     1 |     1 |     1 ||     3
       Meat ration       |     1 |       |       ||     1
       Chunk             |       |     4 |     5 ||     9
       Pizza             |       |       |     2 ||     2
       Bread ration      |       |       |     1 ||     1
